 Dungeon Crawl Stone Soup version 0.26-a0-651-gb41185065b (webtiles) character file.

Game seed: 13692546282549878199

16937 Flugslaktarn the Nimble (level 12, -1/96 (97) HPs)
             Began as a Merfolk Fighter on Oct 28, 2020.
             Was a High Priest of Ru.
             Slain by a 19-headed hydra (11 damage)
             ... on level 1 of the Lair of Beasts.
             The game lasted 00:09:33 (13932 turns).

Flugslaktarn the Nimble (Merfolk Fighter)          Turns: 13932, Time: 00:09:33

HP:   -1/96 (97)    AC: 15    Str: 18    XL:     12   Next: 42%
MP:   12/12         EV: 17    Int:  9    God:    Ru [*****.]
Gold: 1233          SH: 11    Dex: 17    Spells: 11/11 levels left

rFire    . . .     SeeInvis .   h - +4 war axe (curse)
rCold    . . .     Faith    +   c - +0 kite shield
rNeg     . . .     Spirit   .   L - +2 robe {MR+}
rPois    +         Reflect  .   i - +1 helmet of the Great Game {rPois rF- Slay+3}
rElec    .         Harm     .   C - +2 cloak {rPois}
rCorr    .         Rampage  .   e - +2 pair of gloves
MR       +....                  o - +2 pair of boots
Stlth    ..........             g - amulet of faith
HPRegen  0.26/turn              G - ring of flight
MPRegen  0.13/turn              f - ring of protection from fire

@: heavily drained
A: change form in water, swift swim, stealthy swim, clever 1, wild magic 1, no
stealth, disrupted magic 1, unskilled 1, inexperienced 1
a: Draw Out Power, Power Leap, Apocalypse, Renounce Religion, Evoke Flight


You were on level 1 of the Lair of Beasts.
You worshipped Ru.
Ru was extremely pleased with you.
You visited 3 branches of the dungeon, and saw 14 of its levels.

You collected 1233 gold pieces.

Inventory:

Hand Weapons
 h - a cursed +4 war axe (weapon)
   (You took it off a wight on level 9 of the Dungeon)
 B - a +5 battleaxe
   (You took it off a wight on level 11 of the Dungeon)
 E - a +0 vorpal war axe
   (You found it on level 5 of the Dungeon)
Missiles
 y - 2 throwing nets (quivered)
Armour
 c - a +0 kite shield (worn)
 e - a +2 pair of gloves (worn)
   (You found it on level 6 of the Dungeon)
 i - the +1 helmet of the Great Game (worn) {rPois rF- Slay+3}
   (You found it on level 4 of the Dungeon)

   It affects your accuracy and damage with ranged weapons and melee attacks
   (+3).
   It makes you vulnerable to fire.
   It protects you from poison.
 o - a +2 pair of boots (worn)
   (You found it on level 6 of the Dungeon)
 s - a +2 robe of positive energy
   (You took it off Dowan on level 4 of the Dungeon)
 C - a +2 cloak of poison resistance (worn)
   (You took it off Maurice on level 8 of the Dungeon)
 I - a +2 helmet
   (You found it on level 9 of the Dungeon)
 L - a +2 robe of magic resistance (worn)
   (You took it off Josephine on level 10 of the Dungeon)
Jewellery
 f - a ring of protection from fire (right hand)
   (You found it on level 3 of the Dungeon)
 g - an amulet of faith (around neck)
   (You found it on level 8 of the Dungeon)
 j - an uncursed amulet of the acrobat
   (You found it on level 2 of the Dungeon)
 G - a ring of flight (left hand)
   (You found it on level 9 of the Dungeon)
 M - an uncursed ring of poison resistance {unknown}
   (You found it on level 1 of the Lair of Beasts)
Wands
 u - a wand of paralysis (11)
   (You took it off Pikel on level 6 of the Dungeon)
 D - a wand of acid (10)
   (You found it on level 9 of the Dungeon)
 K - a wand of iceblast (5)
   (You found it on level 9 of the Dungeon)
Scrolls
 a - a scroll of vulnerability
 l - a scroll of magic mapping
 r - a scroll of identify
 t - 2 scrolls of teleportation
 x - a scroll of enchant armour
 z - 2 scrolls of blinking
 F - 3 scrolls of fog
Potions
 b - a potion of degeneration
 d - a potion of might
 k - 3 potions of lignification
 m - 2 potions of stabbing {unknown}
 n - a potion of resistance
 p - 3 potions of ambrosia
 q - 8 potions of curing
 v - a potion of berserk rage
 w - 3 potions of heal wounds
 A - a potion of haste {unknown}
 J - a potion of cancellation {unknown}


   Skills:
 + Level 9.8(8.0) Fighting
 * Level 10.1(8.4) Axes
 - Level 2.0(0.6) Armour
 + Level 10.9(9.1) Dodging
 + Level 9.0(7.3) Shields
 + Level 2.5(1.1) Evocations


You had 11 spell levels left.
You didn't know any spells.
Your spell library was empty.

Dungeon Overview and Level Annotations

Branches:
Dungeon (12/15)            Temple (1/1) D:4            Lair (1/6) D:11
    Orc (0/2) D:9

Altars:
Ashenzari
Cheibriados
Dithmenos
Elyvilon
Fedhas
Gozag
Hepliaklqana
Kikubaaqudgha
Makhleb
Nemelex Xobeh
Okawaru
Qazlal
Ru
Sif Muna
Trog
Uskayaw
Vehumet
Wu Jian
Xom
Yredelemnul
Zin
The Shining One

Shops:
D:6 *[   D:12 *

Annotations:
D:8 exclusion: door


Innate Abilities, Weirdness & Mutations

You revert to your normal form in water.
You are very nimble and swift while swimming.
You are very stealthy in the water. (Stealth+)
You cannot be stealthy.
Your casting is slightly disrupted.
You are somewhat unskilled. (-1 Apt)
You are somewhat inexperienced. (-2 XL)
Your mind is acute. (Int +2)
Your spells are a little harder to cast, but a little more powerful.


Message History

You block the 18-headed hydra's attack. The 18-headed hydra barely misses you.
The 18-headed hydra bites you. The 18-headed hydra closely misses you.
You block the 18-headed hydra's attack. The 18-headed hydra barely misses you.
The 18-headed hydra bites you. The 18-headed hydra bites you!!
You chop one of the 18-headed hydra's heads off!
The 17-headed hydra grows two more!
You slash the 19-headed hydra!
The 19-headed hydra is lightly wounded.
The basilisk gazes at you. You resist with almost no effort.
The 19-headed hydra bites you!
* * * LOW HITPOINT WARNING * * *
The 19-headed hydra completely misses you.
The 19-headed hydra bites you.
* * * LOW HITPOINT WARNING * * *
The 19-headed hydra barely misses you. The 19-headed hydra bites you!
* * * LOW HITPOINT WARNING * * *
The 19-headed hydra bites you!
* * * LOW HITPOINT WARNING * * *
The 19-headed hydra barely misses you. x2; The 19-headed hydra misses you.
The 19-headed hydra bites you!
You die...

##.[................##
#...###.##..##.÷.....#
##...#########......##
#..## #......# ##..#
##......# #...###
#.......#
##....#######.......#
#†..........<......#
....(........D@.........#
........................#
........................#
...#######.###..........#
... ### #..........# .
#l.........#
...........P#
.............#
$..........>.#


You could see a 19-headed hydra and a basilisk.

Vanquished Creatures
  Gastronok (D:8)
  Josephine (D:10)
  Fannar (D:12)
  Harold (D:7)
  2 two-headed ogres (D:12)
  An unseen horror (D:9)
  Pikel (D:6)
  A manticore (D:10)
  A centaur zombie (D:11)
  Maurice (D:8)
  Joseph (D:7)
  A centaur skeleton (D:10)
  3 kobold demonologists (D:12)
  3 trolls (D:11)
  Prince Ribbit (D:7)
  A hippogriff (D:11)
  6 wraiths
  16 yaks
  A tarantella (shapeshifter) (D:11)
  Duvessa (D:4)
  2 water moccasins
  5 ice beasts
  An orc warrior (D:9)
  A black bear (D:11)
  8 ogres
  A sky beast (D:5)
  An eye of draining (D:9)
  6 wolves
  A necrophage (D:10)
  8 centaurs
  8 bullfrogs
  A big kobold (D:12)
  A gnoll sergeant (D:10)
  Dowan (D:4)
  A wyvern skeleton (D:7)
  2 scorpions
  22 wights
  A howler monkey (D:8)
  7 electric eels
  4 bullfrog zombies
  6 crimson imps (D:11)
  A quasit (D:11)
  A wyvern simulacrum (D:10)
  12 hounds
  3 bullfrog skeletons
  A gnoll shaman (D:7)
  2 jellies
  6 orc priests
  10 orc wizards
  6 worker ants
  2 hound zombies (D:5)
  A howler monkey skeleton (D:6)
  11 gnolls
  13 adders
  2 shadow imps
  10 white imps
  5 ufetubi
  An adder zombie (D:6)
  2 oozes
  2 adder skeletons
  4 worms
  6 leopard geckos
  37 orcs
  8 giant cockroaches
  7 hobgoblins
  5 jackals
  9 kobolds
  4 quokkas
  2 ball pythons
  5 bats
  7 frilled lizards
  9 goblins
  A jackal skeleton (D:4)
  A jackal zombie (D:8)
  8 rats
337 creatures vanquished.

Vanquished Creatures (others)
  A polar bear (D:10)
  A yak (D:12)
  An ogre (D:11)
  A phantom (D:7)
  An orc wizard (D:11)
  2 plants (D:1)
7 creatures vanquished.

Grand Total: 344 creatures vanquished

Notes
Turn   | Place    | Note
-------+----------+-------------------------------------------
     0 | D:1      | Flugslaktarn the Merfolk Fighter began the quest for the
                  | Orb.
     0 | D:1      | Reached XP level 1. HP: 18/18 MP: 1/1
   191 | D:1      | Reached XP level 2. HP: 24/24 MP: 2/2
   307 | D:1      | Reached skill level 1 in Dodging
   723 | D:2      | Reached XP level 3. HP: 21/29 MP: 3/3
  1037 | D:2      | Found a blossoming altar of Fedhas.
  1093 | D:2      | Reached XP level 4. HP: 37/37 MP: 4/4
  1643 | D:3      | Noticed an ogre
  1660 | D:3      | Killed an ogre
  1660 | D:3      | Reached XP level 5. HP: 26/42 MP: 5/5
  2324 | D:4      | Noticed an ogre
  2327 | D:4      | Reached XP level 6. HP: 46/49 MP: 6/6
  2537 | D:4      | Noticed Duvessa
  2538 | D:4      | Noticed Dowan
  2709 | D:4      | Got a steaming helmet
  2715 | D:4      | Identified the +1 helmet of the Great Game {rPois rF-
                  | Slay+3} (You found it on level 4 of the Dungeon)
  2925 | D:4      | Killed Duvessa
  2925 | D:4      | Reached XP level 7. HP: 33/55 MP: 7/7
  3173 | D:4      | Killed Dowan
  3464 | D:4      | Found a staircase to the Ecumenical Temple.
  3470 | Temple   | Entered the Ecumenical Temple
  3691 | Temple   | Became a worshipper of Ru the Awakened
  3924 | D:5      | Entered Level 5 of the Dungeon
  3956 | D:5      | Reached skill level 5 in Fighting
  4041 | D:5      | Found a burning altar of Makhleb.
  4310 | D:5      | Got a shimmering hand axe
  4311 | D:5      | Identified the +4 hand axe of Destiny {drain, Dex+4} (You
                  | found it on level 5 of the Dungeon)
  4989 | D:5      | Reached XP level 8. HP: 27/63 MP: 8/8
  5512 | D:6      | Found Ufumutu's Antique Armour Shop.
  5523 | D:6      | Reached skill level 5 in Dodging
  5523 | D:6      | Reached skill level 5 in Shields
  5527 | D:6      | Gained mutation: You are somewhat unskilled. (-1 Apt) [Ru
                  | sacrifice]
  5527 | D:6      | Reached * piety under Ru
  5527 | D:6      | Reached ** piety under Ru
  5716 | D:6      | Found Zin's Purification Station.
  5721 | D:6      | Found a glowing silver altar of Zin.
  5915 | D:6      | Reached skill level 5 in Dodging
  6123 | D:6      | Noticed Pikel
  6139 | D:6      | Killed Pikel
  6139 | D:6      | Reached skill level 5 in Axes
  6139 | D:6      | Reached skill level 5 in Shields
  6139 | D:6      | Reached XP level 9. HP: 55/69 MP: 9/9
  6257 | D:6      | Found an ancient bone altar of Kikubaaqudgha.
  6575 | D:7      | Noticed Joseph
  6595 | D:7      | Killed Joseph
  6812 | D:7      | Noticed Prince Ribbit
  6826 | D:7      | Killed Prince Ribbit
  6876 | D:7      | Noticed Harold
  6895 | D:7      | Killed Harold
  6895 | D:7      | Reached XP level 10. HP: 49/79 MP: 10/10
  7441 | D:7      | Gained mutation: You have a pair of small horns on your
                  | head. [potion of mutation]
  7441 | D:7      | Gained mutation: Your spells are a little easier to cast,
                  | but a little less powerful. [potion of mutation]
  7441 | D:7      | Gained mutation: You are agile. (Dex +2) [potion of
                  | mutation]
  7443 | D:7      | Lost mutation: You have a pair of small horns on your head.
                  | [potion of mutation]
  7443 | D:7      | Lost mutation: You are agile. (Dex +2) [potion of mutation]
  7443 | D:7      | Lost mutation: Your spells are a little easier to cast, but
                  | a little less powerful. [potion of mutation]
  7443 | D:7      | Gained mutation: You are somewhat resistant to further
                  | mutation. [potion of mutation]
  7443 | D:7      | Gained mutation: You are frail. (-10% HP) [potion of
                  | mutation]
  7446 | D:7      | Lost mutation: You are frail. (-10% HP) [potion of
                  | mutation]
  7446 | D:7      | Lost mutation: You are somewhat resistant to further
                  | mutation. [potion of mutation]
  7446 | D:7      | Gained mutation: Your spells are a little harder to cast,
                  | but a little more powerful. [potion of mutation]
  7446 | D:7      | Gained mutation: Your mind is acute. (Int +2) [potion of
                  | mutation]
  7601 | D:8      | Gained mutation: You are somewhat inexperienced. (-2 XL)
                  | [Ru sacrifice]
  7601 | D:8      | Reached XP level 9. HP: 72/72 MP: 9/9
  7601 | D:8      | Reached XP level 8. HP: 67/67 MP: 8/8
  7601 | D:8      | Reached *** piety under Ru
  7601 | D:8      | Reached **** piety under Ru
  7762 | D:8      | Noticed Gastronok
  7792 | D:8      | Killed Gastronok
  7792 | D:8      | Reached XP level 9. HP: 40/73 MP: 9/9
  8443 | D:8      | Noticed a six-headed hydra
  8556 | D:8      | Noticed Maurice
  8573 | D:8      | Killed Maurice
  8573 | D:8      | Reached XP level 10. HP: 77/80 MP: 10/10
  8708 | D:9      | Found a staircase to the Orcish Mines.
  8865 | D:9      | Noticed an unseen horror
  8865 | D:9      | Killed an unseen horror
  9497 | D:10     | Entered Level 10 of the Dungeon
  9899 | D:10     | Gained mutation: Your casting is slightly disrupted. [Ru
                  | sacrifice]
 10059 | D:10     | Noticed a manticore
 10070 | D:10     | Killed a manticore
 10594 | D:10     | Reached XP level 11. HP: 66/86 MP: 11/11
 10967 | D:11     | Noticed a salamander
 11116 | D:11     | Noticed Josephine
 11321 | D:10     | Killed Josephine
 11560 | D:11     | Reached skill level 10 in Dodging
 12058 | D:11     | Found a staircase to the Lair.
 12580 | D:12     | Found Fecor's General Store.
 12594 | D:12     | Noticed a two-headed ogre
 12604 | D:12     | Reached skill level 1 in Evocations
 12635 | D:12     | Killed a two-headed ogre
 12635 | D:12     | Reached XP level 12. HP: 9/95 MP: 12/12
 12648 | D:11     | Gained mutation: You cannot be stealthy. [Ru sacrifice]
 12648 | D:11     | Reached ***** piety under Ru
 13006 | D:12     | Noticed a two-headed ogre
 13029 | D:12     | Killed a two-headed ogre
 13044 | D:12     | Reached skill level 10 in Axes
 13081 | D:12     | Noticed Fannar
 13103 | D:12     | Killed Fannar
 13430 | Lair:1   | Entered Level 1 of the Lair of Beasts
 13580 | Lair:1   | Noticed a seven-headed hydra
 13932 | Lair:1   | Slain by a 19-headed hydra

Illustrated notes

Levels and vault maps discovered:
D:1:      tarquinn_simple_flora_water_c, layout_loops_ring
D:2:      layout_loops_ring, fedhas_altar_3, minmay_quadrilaterals
D:3:      layout_rooms
D:4:      layout_rooms, minmay_temple_entry_enclosed_plants,
          minmay_misc_feat_hallway, uniq_duvessa
D:5:      layout_cave_pods, lemuel_round_altar
D:6:      layout_loops_cross, zin_purify, marbit_many_paths, serial_shops,
          nicolae_shop_temple_entry_statues_fountains, corexii_hall_statues_u,
          bh_walls_and_bars, uniq_pikel
D:7:      layout_rooms, due_unseen_surprise, uniq_prince_ribbit1, uniq_harold,
          uniq_joseph
D:8:      minmay_chambers_of_fours, layout_basic, uniq_gastronok, uniq_maurice
D:9:      layout_stronghold, orc_david_3
D:10:     layout_cave_pools, serial_ice, serial_ice_m, serial_ice_n,
          serial_ice_d, serial_ice_l
D:11:     layout_basic, erik_lair_island, minmay_nine_imps, uniq_josephine
D:12:     layout_long_grid, serial_shops, shop, dk_vineyard_3, uniq_erolcha,
          uniq_fannar
Temple:   dpeg_five_rooms_temple
Lair:1:   layout_chaotic_city

Skill      XL: |  1  2  3  4  5  6  7  8  9 10 11 12 |
---------------+-------------------------------------+-----
Axes           | 2 3 4 5 8 9 10 | 10.1
Dodging        | 1 2 3 4 8 7 9 10 | 10.9
Fighting       | 4 5 7 8 9 |  9.8
Shields        | 4 7 6 8 9 |  9.0
Evocations     | 1 2 |  2.5
Armour         | |  2.0

Action                   |  1- 3 |  4- 6 |  7- 9 | 10-12 || total
-------------------------+-------+-------+-------+-------++-------
Melee: War axe           |    84 |   191 |    67 |   122 ||   464
       Hand axe          |       |       |   313 |   463 ||   776
       Tailslap          |       |       |       |     1 ||     1
Invok: Sacrifice Experie |       |       |     1 |       ||     1
       Sacrifice Skill   |       |       |     1 |       ||     1
       Sacrifice Essence |       |       |       |     1 ||     1
       Apocalypse        |       |       |       |     2 ||     2
       Power Leap        |       |       |       |     1 ||     1
       Sacrifice Stealth |       |       |       |     1 ||     1
Evoke: Wand              |       |       |       |     5 ||     5
  Use: Potion            |       |     1 |     1 |     4 ||     6
       Scroll            |       |       |    10 |    13 ||    23
 Stab: Distracted        |       |       |     1 |     3 ||     4
       Sleeping          |       |       |     1 |     2 ||     3
       Invisible         |       |       |       |     2 ||     2
       Paralysed         |       |       |       |     7 ||     7
Armor: Scale mail        |    38 |    96 |    12 |       ||   146
       Skin              |       |     5 |     3 |       ||     8
       Robe              |       |       |    30 |    96 ||   126
       Ring mail         |       |       |    12 |    42 ||    54
Dodge: Dodged            |    25 |   109 |   163 |   416 ||   713
Block: Kite shield       |    45 |   120 |   154 |   374 ||   693

Table legend: (Time is in decaauts)
 A = Elapsed time spent in this place.
 B = Non-inter-level travel time spent in this place.
 C = Inter-level travel time spent in this place.
 D = Time resting spent in this place.
 E = Time spent auto-exploring this place.
 F = Levels seen in this place.
 G = Mean time per level.
                   A        B        C        D        E       F      G
               +--------+--------+--------+--------+--------+-----+--------+
         Total |  14080 |  13463 |    617 |   3341 |   7426 |  14 | 1005.7 |
       Dungeon |  13702 |  13153 |    549 |   3341 |   7176 |  12 | 1141.8 |
        Temple |    256 |    191 |     65 |      0 |    188 |   1 |  256.0 |
          Lair |    120 |    117 |      3 |      0 |     62 |   1 |  120.0 |
               +--------+--------+--------+--------+--------+-----+--------+

Top non-repeatable levels by time:
    D:11: 1885 daAuts
    D:10: 1768 daAuts
     D:5: 1589 daAuts
     D:8: 1158 daAuts
     D:9: 1150 daAuts
     D:4: 1053 daAuts
     D:3: 1034 daAuts
     D:6: 1033 daAuts
     D:7: 1012 daAuts
     D:2: 972 daAuts
     D:1: 730 daAuts
    D:12: 313 daAuts
  Temple: 256 daAuts
  Lair:1: 120 daAuts
